 Dungeon Crawl Stone Soup version 0.23.2 (webtiles) character file.

Game seed: 3148811170556480085

63 Gargoyl the Skirmisher (level 3, 0/33 HPs)
             Began as a Centaur Abyssal Knight on Apr 5, 2019.
             Was a Believer of Lugonu.
             Succumbed to Robin's poison
             ... on level 2 of the Dungeon.
             The game lasted 00:02:45 (706 turns).

Gargoyl the Skirmisher (Centaur Abyssal Knight)      Turns: 706, Time: 00:02:45

Health: 0/33       AC:  7    Str: 12 (14) XL:     3   Next: 87%
Magic:  4/4        EV:  3    Int: 10 (11) God:    Lugonu [**....]
Gold:   40         SH:  0    Dex:  6 (9)  Spells: 2/2 levels left

rFire    . . .     SeeInvis .   a - +1 hand axe
rCold    . . .     Gourm    .   (no shield)
rNeg     . . .     Faith    .   d - +0 chain mail
rPois    .         Spirit   .   (no helmet)
rElec    .         Reflect  .   (no cloak)
rCorr    .         Harm     .   (no gloves)
MR       .....                  (no barding)
Stlth    ..........             (no amulet)
HPRegen  0.11/turn              (no ring)
MPRegen  0.09/turn              (no ring)

@: lethally poisoned (0 -> -16), very quick
A: large, hooves 3, deformed body, speed 2, tough skin 3
a: Depart the Abyss, Bend Space, Renounce Religion


You were on level 2 of the Dungeon.
You worshipped Lugonu.
Lugonu was pleased with you.
You were not hungry.

You visited 1 branch of the dungeon, and saw 2 of its levels.
You visited the Abyss 1 time.

You collected 40 gold pieces.

Inventory:

Hand Weapons
 a - a +1 hand axe (weapon)
Missiles
 h - 7 javelins (quivered)
Armour
 d - a +0 chain mail (worn)
Scrolls
 b - a scroll of fog {unknown}
 e - a scroll of magic mapping {unknown}
 g - a scroll of identify
Comestibles
 c - 3 rations


   Skills:
 + Level 3.7 Fighting
 + Level 2.8 Axes
 + Level 1.9 Armour
 + Level 0.6 Dodging
 + Level 2.0 Invocations


You had 2 spell levels left.
You didn't know any spells.
Your spell library was empty.

Dungeon Overview and Level Annotations

Branches:
Dungeon (2/15)

Altars:


Innate Abilities, Weirdness & Mutations

You have hooves in place of feet.
Armour fits poorly on your strangely shaped body.
You cover ground very quickly.
You have extremely tough skin. (AC +3)


Message History

The jackal bites you but does no damage.
You hit the jackal.
You kill the jackal!
Lugonu accepts your kill.
* * * LOW HITPOINT WARNING * * *
You feel sick.
Unknown command.
* * * LOW HITPOINT WARNING * * *
You feel sick.
Things that are here:
a +1 whip of venom; a +0 animal skin; a +1 helmet of see invisible
* * * LOW HITPOINT WARNING * * *
You feel sick.
Items here: ))) †† a +0 club; a +0 dagger; a +0 club; a hobgoblin corpse; a jackal corpse
* * * LOW HITPOINT WARNING * * *
You feel sick.
* * * LOW HITPOINT WARNING * * *
You feel sick.
You die...

#......#
#......#
####...#
#(†)#
#..)#####
####)...#
#....#
#..))#####.h
#@.)).....#
#...))....#
#.........#
#$........#
#.........#
###.........
######+###


There were no monsters in sight!

Vanquished Creatures
  Robin (D:2)
  A worm (D:2)
  A leopard gecko (D:1)
  13 goblins
  9 hobgoblins
  2 jackals (D:2)
  4 kobolds
  4 bats
  4 frilled lizards
  4 rats (D:1)
43 creatures vanquished.

Vanquished Creatures (others)
  2 starspawn tentacles (Abyss:2)
2 creatures vanquished.

Grand Total: 45 creatures vanquished

Notes
Turn   | Place    | Note
-------+----------+-------------------------------------------
     0 | Abyss:1  | Gargoyl the Centaur Abyssal Knight began the quest for the
                  | Orb.
     0 | Abyss:1  | Reached XP level 1. HP: 19/19 MP: 2/2
    35 | Abyss:2  | Noticed a tentacled starspawn
    37 | Abyss:2  | Noticed an iron imp
    56 | Abyss:2  | Noticed a cyan very ugly thing
    71 | Abyss:2  | Noticed a small abomination
    71 | Abyss:2  | Noticed a spatial maelstrom
    72 | Abyss:2  | Noticed a spatial vortex
    73 | D:1      | Escaped the Abyss
   116 | D:1      | Reached * piety under Lugonu
   220 | D:1      | Reached XP level 2. HP: 23/26 MP: 3/3
   631 | D:2      | Reached XP level 3. HP: 31/31 MP: 4/4
   662 | D:2      | Noticed Robin
   671 | D:2      | Reached ** piety under Lugonu
   699 | D:2      | Killed Robin
   705 | D:2      | HP: 1/33 [poisoned by Robin]
   706 | D:2      | Succumbed to Robin's poison

Skill      XL: |  1  2 |
---------------+-------+-----
Axes           | 2 |  2.8
Fighting       | |  3.7
Armour         | |  1.9
Dodging        | |  0.6
Invocations    | |  2.0

Action                   || total
-------------------------++-------
Melee: Hand axe          ||    82
       Kick              ||    10
Invok: Depart the Abyss  ||     1
  Use: Scroll            ||     1
       Potion            ||     3
Armor: Chain mail        ||    98
Dodge: Dodged            ||    30
